 Dungeon Crawl Stone Soup version 0.28.0-45-g0d030f2227 (webtiles) character file.

Game seed: 1008864426156282181

112 101zpm the Magician (level 5, 0/35 HPs)
             Began as a Djinni Ice Elementalist on Apr 11, 2022.
             Slain by a black bear (3 damage)
             ... on level 2 of the Dungeon.
             The game lasted 00:11:57 (2767 turns).

101zpm the Magician (Djinni Ice Elementalist)       Turns: 2767, Time: 00:11:58

Health: 0/35       AC:  3    Str:  7    XL:     5   Next: 16%
Gold:   48         EV: 13    Int: 19    God:
                   SH:  0    Dex: 19

rFire   + + .      SeeInvis .   (no weapon)
rCold   x . .      Faith    .   (no shield)
rNeg    . . .      Spirit   .   a - +0 robe
rPois   ∞          Reflect  .   (no helmet)
rElec   .          Harm     .   e - +0 cloak
rCorr   .          Rampage  .   (no gloves)
Will    .....                   (boots unavailable)
Stlth   ++........              (no amulet)
HPRegen 0.11/turn               c - +6 ring of dexterity
MPRegen 0.00/turn               (no ring)

@: freezing walls, flying
A: sickness immunity, fire resistance 2, cold vulnerability 1, float, innate
caster, HP casting, extra vitality 1
a: no special abilities


You were on level 2 of the Dungeon.
You visited 1 branch of the dungeon, and saw 3 of its levels.

You collected 48 gold pieces.

Inventory:

Armour
 a - a +0 robe (worn)
 d - a +0 robe
 e - a +0 cloak (worn)
Jewellery
 c - a +6 ring of dexterity (left hand)
Wands
 f - a wand of polymorph (10)
Scrolls
 b - a scroll of fear {unknown}
Potions
 g - a potion of curing {unknown}


   Skills:
 + Level 0.1 Fighting
 + Level 2.3 Dodging
 + Level 1.9 Stealth
 + Level 0.1 Unarmed Combat
 + Level 4.6 Spellcasting


You couldn't memorise any spells.
You knew the following spells:

 Your Spells              Type           Power      Damage    Failure   Level
a - Freeze                Ice            88%        1d10      1%          1
b - Frozen Ramparts       Ice            44%        1d6       5%          3
c - Ozocubu's Armour      Ice            22%        N/A       5%          3
d - Hailstorm             Conj/Ice       22%        3d7       19%         4
e - Foxfire               Conj/Fire      88%        2x1d8     1%          1
f - Ensorcelled Hibernat  Hex/Ice        44%        N/A       2%          2
Your spell library was empty.

Dungeon Overview and Level Annotations

Branches:
Dungeon (3/15)

Altars:
The Shining One


Innate Abilities, Weirdness & Mutations

You are immune to sickness and miasma.
You are immune to poison.
Your flesh is very heat resistant. (rF++)
You are vulnerable to cold. (rC-)
You float through the air rather than walking.
You learn spells naturally, not from books.
Your magical power is your life essence.
You have superior vitality. (+4 MHP)


Message History

The black bear resists with significant effort.
The black bear bites you but does no damage.
The black bear barely misses you. The black bear claws you.
Aiming: Freeze (safe; 1% risk of failure)
Press: ? - help, Q - select action, (/) - cycle Shift-Dir - straight line, f/p - black bear
Aim: a black bear
Okay, then.
Casting: Freeze (safe; 1% risk of failure)
Confirm with . or Enter, or press ? or * to list all spells.
Aiming: Ensorcelled Hibernation (safe; 2% risk of failure)
Press: ? - help, Shift-Dir - straight line, f/p - black bear
Aim: a black bear (chance to affect: 54%)
The black bear resists with significant effort.
The black bear bites you. The black bear claws you.
The black bear barely misses you.
Casting: Ensorcelled Hibernation (safe; 2% risk of failure)
Confirm with . or Enter, or press ? or * to list all spells.
Aiming: Ensorcelled Hibernation (safe; 2% risk of failure)
Press: ? - help, Shift-Dir - straight line, f/p - black bear
Aim: a black bear (chance to affect: 54%)
The black bear resists with significant effort.
The black bear bites you.
The black bear claws you but does no damage.
The black bear closely misses you.
Casting: Ensorcelled Hibernation (safe; 2% risk of failure)
Confirm with . or Enter, or press ? or * to list all spells.
Casting: Frozen Ramparts (dangerous; 5% risk of failure)
Press: ? - help, Dir - look around, f - activate A stone staircase leading down.
The walls around you are covered in ice.
* * * LOW HITPOINT WARNING * * *
The wall freezes the black bear.
The black bear bites you!
* * * LOW HITPOINT WARNING * * *
The black bear closely misses you.
The black bear claws you but does no damage.
A black bear is nearby!
Your frozen ramparts will break if you move.
Continue?
The wall freezes the black bear.
The black bear closely misses you. The black bear claws you.
You die...

#.#
##.#####.#.#.#.#.#.........
#.# #.#
#.#.#.#.#.#.#....... #.#
#.#####.#.#.#.......#.....
#.#
#.##....#.#.#########.####
#.#
#.##....#.#...............
#.#
#.##....#.###########.####
#.# #.......#.#...# #.# #.#
####...##.#)#.#######.##
#.#
#.......h@[............#
#.#
#.#######[#.#.#######..##
#.#####.# #.#.#.# #...#
#.......# #.#.#.# #.#.#
#########
#.#.#.#######.#.##
#.#)#.(.......#..#
#.#(#########..... #.#)#
#.##.. #.#<# #.##..


You could see a black bear.

Vanquished Creatures
  Terence (D:2)
  An orc wizard (D:3)
  2 adders
  A worm (D:2)
  4 orcs
  3 bats
  4 endoplasms
  A giant cockroach (D:2)
  3 goblins (D:2)
  A hobgoblin (D:2)
  3 jackals (D:2)
  3 kobolds (D:2)
  3 ball pythons (D:2)
  A frilled lizard (D:2)
  A hobgoblin zombie (D:3)
  2 kobold skeletons (D:3)
  4 rats (D:2)
38 creatures vanquished.

Vanquished Creatures (others)
  5 foxfires (D:3)
5 creatures vanquished.

Grand Total: 43 creatures vanquished

Notes
Turn   | Place    | Note
-------+----------+-------------------------------------------
     0 | D:1      | 101zpm the Djinni Ice Elementalist began the quest for the
                  | Orb.
     0 | D:1      | Reached XP level 1. HP: 15/15 MP: 0/0
   182 | D:2      | Reached XP level 2. HP: 5/21 MP: 0/0
   615 | D:3      | Reached skill level 4 in Spellcasting
   615 | D:3      | Reached XP level 3. HP: 21/25 MP: 0/0
   615 | D:3      | Learned a level 1 spell: Foxfire
   719 | D:3      | Noticed a black bear
   728 | D:3      | Found a glowing golden altar of the Shining One.
  1865 | D:2      | Found a faded altar of an unknown god.
  2184 | D:2      | Noticed Terence
  2195 | D:2      | Killed Terence
  2196 | D:2      | Reached XP level 4. HP: 17/31 MP: 0/0
  2402 | D:3      | Reached XP level 5. HP: 29/35 MP: 0/0
  2402 | D:3      | Learned a level 2 spell: Ensorcelled Hibernation
  2767 | D:2      | Slain by a black bear

Illustrated notes

Levels and vault maps discovered:
D:1:      dpeg_arrival_fog, layout_rooms, st_stairs_7
D:2:      layout_basic, dreamdust_ecumenical_altar_hidden_monk_grotto,
          uniq_terence
D:3:      layout_rooms, minitemple, nicolae_qazlal_style_of_elements,
          nicolae_tso_besieged_by_evil, gup_sewer_entry_bowl,
          minmay_misc_feat_columns, kennysheep_nondescript,
          amcnicky_mini_pool_small

Skill      XL: |  1  2 |
---------------+-------+-----
Spellcasting   | 4 |  4.6
Fighting       | |  0.1
Dodging        | |  2.3
Stealth        | |  1.9
Unarmed Combat | |  0.1

Action                   |  1- 3 |  4- 6 || total
-------------------------+-------+-------++-------
Melee: Unarmed           |    14 |       ||    14
       Punch             |     1 |       ||     1
 Cast: Freeze            |    43 |    11 ||    54
       Frozen Ramparts   |     6 |     5 ||    11
       Foxfire           |     3 |       ||     3
       Ensorcelled Hiber |       |     4 ||     4
Armor: Robe              |     9 |    10 ||    19
       Skin              |     1 |       ||     1
Dodge: Dodged            |    42 |    40 ||    82
